 Dungeon Crawl Stone Soup version 0.30-a0-509-gd016549fea (webtiles) character file.

Game seed: 12280366995217810669

127 themarg the Conjurer (level 4, 0/33 HPs)
             Began as a Draconian Conjurer on Dec 23, 2022.
             Slain by a gnoll
             ... wielding a +0 whip
             ... led by a gnoll bouda
              (3 damage)
             ... on level 4 of the Dungeon.
             The game lasted 00:04:58 (2127 turns).

themarg the Conjurer (Draconian Conjurer)           Turns: 2127, Time: 00:04:58

Health: 0/33       AC:  5    Str: 10    XL:     4   Next: 85%
Magic:  8/8        EV: 12    Int: 20    God:
Gold:   70         SH:  0    Dex:  9    Spells: 6/9 levels left

rFire   + . .      SeeInvis .    f - +3 hand axe
rCold   + + .      Faith    .    (no shield)
rNeg    . . .      Spirit   .    (body armour unavailable)
rPois   +          Reflect  .    (helmet restricted)
rElec   +          Harm     .    (no cloak)
rCorr   +          Rampage  .    (no gloves)
Will    .....                    (no boots)
Stlth   ++........               (no amulet)
HPRegen 0.25/turn                (no ring)
MPRegen 0.11/turn                (no ring)

@: resistant
A: AC +5, unfitting armour, cold-blooded, stinger 1, cold resistance 1
a: no special abilities


You were on level 4 of the Dungeon.
You visited 1 branch of the dungeon, and saw 4 of its levels.

You collected 70 gold pieces.

Inventory:

Hand Weapons
 f - a +3 hand axe (weapon)
Missiles
 c - 29 stones
Magical Staves
 g - a staff of death
Jewellery
 i - an amulet of the acrobat
Wands
 o - a wand of flame (22)
Scrolls
 b - 4 scrolls of identify {unknown}
 d - 2 scrolls of enchant armour {unknown}
 j - 4 scrolls of amnesia {unknown}
 k - a scroll of magic mapping {unknown}
 m - a scroll of blinking {unknown}
 n - a scroll of vulnerability {unknown}
Potions
 a - a potion of magic
 e - a potion of resistance
 l - a potion of curing {unknown}


   Skills:
 - Level 1.7 Dodging
 - Level 3.0 Stealth
 + Level 3.1 Spellcasting
 + Level 5.0 Conjurations


You had 6 spell levels left.
You knew the following spells:

 Your Spells              Type           Power      Damage    Failure   Level
a - Magic Dart            Conj           92%        1d7       1%          1
b - Searing Ray           Conj           46%        2d6       2%          2

Your spell library contained the following spells:

 Spells                   Type           Power      Damage    Failure   Level
 Apportation              Tloc           6%         N/A       14%         1
 Necrotise                Necr           12%        1d4       14%         1
 Summon Small Mammal      Summ           12%        N/A       14%         1
 Dazzling Flash           Conj/Hex       26%        N/A       16%         3
 Ozocubu's Armour         Ice            3%         N/A       38%         3
 Fulminant Prism          Conj/Hex       6%         3d7       45%         4
 Iskenderun's Mystic Bla  Conj/Tloc      13%        2d5       45%         4
 Iskenderun's Battlesphe  Conj           23%        2d8       45%         5
 Fireball                 Conj/Fire      6%         3d5       80%         5
 Metabolic Englaciation   Hex/Ice        1%         N/A       98%         5
 Simulacrum               Ice/Necr       1%         N/A       100%        6


Dungeon Overview and Level Annotations

Branches:
Dungeon (3/15)

Altars:

Shops:
D:4 :

Annotations:
D:1 1 transporter
D:2 Natasha, Terence


Innate Abilities, Weirdness & Mutations

Your plain brown scales are hard. (AC +5)
You cannot fit into any form of body armour.
You are cold-blooded and may be slowed by cold attacks.
Your tail ends in a venomous barb.
Your flesh is cold resistant. (rC+)


Message History

The gnoll bouda barks out a call to the hunt!
The gnolls pick up the pace!
The gnoll throws a throwing net.
The throwing net hits you.
You become entangled in the net!
A gnoll comes into view. It is wielding a +0 spear.
A gnoll comes into view. It is wielding a +0 whip.
You hear a shout!
You struggle against the net.
The gnoll shouts!
The gnoll hits you from afar with a +0 spear.
A gnoll comes into view. It is wielding a +0 whip.
You tear a large gash into the net.
The gnoll hits you from afar with a +0 spear!
You rip the net and break free!
The gnoll hits you with a +0 whip. The gnoll closely misses you.
The gnoll hits you with a +0 whip. The gnoll hits you with a +0 whip.
The gnoll attacks as you move away! The gnoll hits you with a +0 whip.
The gnoll attacks as you move away! The gnoll barely misses you. x2
You see here a hobgoblin corpse.
There is an open door here.
The gnoll attacks as you move away! The gnoll hits you but does no damage.
The gnoll attacks as you move away! The gnoll hits you with a +0 whip.
The gnoll closely misses you. The gnoll attacks as you move away!
The gnoll closely misses you.
There is an open door here.
The gnoll attacks as you move away! The gnoll hits you with a +0 whip.
The gnoll attacks as you move away! The gnoll hits you with a +0 whip.
* * * LOW HITPOINT WARNING * * *
The gnoll attacks as you move away! The gnoll hits you but does no damage.
The gnoll hits you with a +0 whip.
* * * LOW HITPOINT WARNING * * *
It was a potion of resistance.
You feel protected. The gnoll hits you but does no damage.
It was a potion of mutation.
You feel extremely strange.
You feel robust.
You feel frail.
A venomous barb forms on the end of your tail.
You feel resistant to cold.
The gnoll is no longer moving quickly.
The gnoll hits you with a +0 whip.
You die...

#g......#.......#.......
#......##.......##......
#.g....+....)....'......
#####†..##.........##...##
#+#...#'#.#...........#.#'#
#.......#####.......#####.#
#...........# #'#...#+## ##.#
##.........####.#####..###..#
+........ggg@..<..........##
##.......####..........####
#.......# #..........#
####+#### #..........######
#...........)...#
#..........###...
##.........# #### #.......###
.#...##


You could see 3 gnolls.

Vanquished Creatures
  A necrophage (D:4)
  An iguana (D:4)
  An adder (D:4)
  A worm (D:2)
  3 dart slugs (D:2)
  A ball python (D:1)
  3 endoplasms (D:1)
  2 goblins
  2 hobgoblins
  3 quokkas
  2 bats
  A frilled lizard (D:2)
  4 kobolds
  2 rats
27 creatures vanquished.

Notes
Turn   | Place    | Note
-------+----------+-------------------------------------------
     0 | D:1      | themarg the Draconian Conjurer began the quest for the Orb.
     0 | D:1      | Reached XP level 1. HP: 14/14 MP: 3/3
   144 | D:1      | Found a faded altar of an unknown god.
   445 | D:1      | Reached XP level 2. HP: 20/20 MP: 5/5
   455 | D:1      | Learned a level 2 spell: Searing Ray
   699 | D:2      | Noticed Natasha
   699 | D:2      | Noticed Terence
   984 | D:2      | Got the Treatise on Concussion
  1507 | D:3      | Reached XP level 3. HP: 26/26 MP: 3/6
  1583 | D:3      | You fall into a shaft and drop 1 floor!
  1878 | D:4      | Found Puudaipt's Book Boutique.
  1979 | D:4      | Noticed a necrophage
  1984 | D:4      | Killed a necrophage
  1985 | D:4      | Reached skill level 5 in Conjurations
  1985 | D:4      | Reached XP level 4. HP: 29/33 MP: 2/8
  2127 | D:4      | Gained mutation: You are robust. (+10% HP) [potion of
                  | mutation]
  2127 | D:4      | Lost mutation: You are robust. (+10% HP) [potion of
                  | mutation]
  2127 | D:4      | Gained mutation: Your tail ends in a venomous barb. [potion
                  | of mutation]
  2127 | D:4      | Gained mutation: Your flesh is cold resistant. (rC+)
                  | [potion of mutation]
  2127 | D:4      | Slain by a gnoll

Illustrated notes

Levels and vault maps discovered:
D:1:      spicycebolla_arrival_transporter_tutorial, layout_rooms,
          chequers_ecumenical_altar_grove, corner_web_ring
D:2:      layout_rooms, uniq_natasha, uniq_terence
D:3:      cheibrodos_old_hovel, layout_basic, ashenzari_conservatory_becter,
          amcnicky_altar_gilded, uniq_robin
D:4:      nicolae_cairo_tiling_very_big, layout_cave_pods,
          minmay_temple_entry_junction, serial_shops, nicolae_shop_waterfront,
          minmay_misc_feat_hallway

Skill      XL: |  1  2  3 |
---------------+----------+-----
Stealth        | 2 3 |  3.0
Spellcasting   | 3 |  3.1
Conjurations   | 5 |  5.0
Dodging        | |  1.7

Action                   |  1- 3 |  4- 6 || total
-------------------------+-------+-------++-------
Melee: Hand axe          |    19 |       ||    19
 Cast: Magic Dart        |    25 |     4 ||    29
       Searing Ray       |     9 |     1 ||    10
  Use: Potion            |       |     2 ||     2
Armor: Skin              |    11 |     3 ||    14
Dodge: Dodged            |    18 |     5 ||    23

Table legend: (Time is in decaauts)
 A = Elapsed time spent in this place.
 B = Non-inter-level travel time spent in this place.
 C = Inter-level travel time spent in this place.
 D = Time resting spent in this place.
 E = Time spent auto-exploring this place.
 F = Levels seen in this place.
 G = Mean time per level.
                   A        B        C        D        E       F      G
               +--------+--------+--------+--------+--------+-----+--------+
         Total |   2134 |   2033 |    101 |    255 |   1513 |   4 |  533.5 |
       Dungeon |   2134 |   2033 |    101 |    255 |   1513 |   4 |  533.5 |
               +--------+--------+--------+--------+--------+-----+--------+

Top non-repeatable levels by time:
     D:2: 772 daAuts
     D:1: 735 daAuts
     D:4: 545 daAuts
     D:3: 79 daAuts
